 Dungeon Crawl Stone Soup version 0.21-a0-633-g4c047d5 (webtiles) character file.

127681 mortelune the Executioner (level 16, 0/226 HPs)
             Began as a Minotaur Berserker on Dec 28, 2017.
             Was a High Priest of Trog.
             Slain by an entropy weaver (8 damage)
             ... on level 2 of the Spider Nest on Dec 29, 2017.
             The game lasted 01:44:16 (35370 turns).

mortelune the Executioner (Minotaur Berserker)     Turns: 35370, Time: 01:44:16

Health: 0/226      AC: 17    Str: 35    XL:     16   Next: 46%
Magic:  23/23      EV: 11    Int:  4    God:    Trog [*****.]
Gold:   2026       SH:  5    Dex: 16    Spells: 15/15 levels left

rFire    + . .     SeeInvis .   Z - +4 executioner's axe (elec)
rCold    x . .     Gourm    .   (shield currently unavailable)
rNeg     . . .     Faith    .   D - +0 plate armour
rPois    +         Spirit   .   (helmet restricted)
rElec    .         Reflect  +   a - scarf {cloud immunity}
rCorr    .         Harm     .   u - +1 pair of gloves
MR       +++..                  O - +0 pair of boots (curse)
Stlth    ..........             t - +5 amulet of reflection
HPRegen  1.47/turn              x - ring of poison resistance
MPRegen  0.18/turn              Y - ring "Mestroxuon" {Fire Str+5 Dex+4}

@: berserking, lethally poisoned (0 -> -2), corroded, regenerating, very quick
A: retaliatory headbutt, horns 2, weak 1
a: Berserk, Trog's Hand, Brothers in Arms, Burn Spellbooks, Renounce Religion


You were on level 2 of the Spider Nest.
You worshipped Trog.
Trog was extremely pleased with you.
You were near starving.

You visited 4 branches of the dungeon, and saw 25 of its levels.
You also visited: Ossuary.

You collected 2670 gold pieces.
You spent 644 gold pieces at shops.

Inventory:

Hand Weapons
 v - a +2 battleaxe of flaming
 G - a +5 battleaxe of venom
 Z - a +4 executioner's axe of electrocution (weapon)
Armour
 a - a scarf of cloud immunity (worn)
 u - a +1 pair of gloves (worn)
 D - a +0 plate armour (worn)
 O - a cursed +0 pair of boots (worn)
Jewellery
 b - an uncursed ring of see invisible
 l - an uncursed ring of protection from fire
 t - a +5 amulet of reflection (around neck)
 x - a ring of poison resistance (left hand)
 B - an uncursed ring of protection from cold
 Q - an uncursed ring of protection from magic
 Y - the ring "Mestroxuon" (right hand) {Fire Str+5 Dex+4}
   (You bought it in a shop on level 12 of the Dungeon)

   [ring of fire]

   It enhances your fire magic.
   It affects your strength (+5).
   It affects your dexterity (+4).
   It protects you from fire.
   It makes you vulnerable to cold.
Wands
 z - a wand of acid (11)
 A - a wand of enslavement (14)
 F - a wand of digging (9)
 L - a wand of paralysis (14)
 N - a wand of polymorph (8)
 P - a wand of flame (96)
 S - a wand of iceblast (13)
Scrolls
 d - 16 scrolls of remove curse
 h - 10 scrolls of teleportation
 j - 5 scrolls of enchant weapon
 m - 5 scrolls of enchant armour
 o - 3 scrolls of vulnerability {unknown}
 q - 4 scrolls of immolation {unknown}
 y - a scroll of identify
 H - 3 scrolls of fog {unknown}
 K - a scroll of torment {unknown}
 T - 2 scrolls of holy word {unknown}
 U - 2 scrolls of magic mapping
 X - 2 scrolls of fear {unknown}
Potions
 e - a potion of berserk rage
 f - 2 potions of flight
 g - 3 potions of resistance
 i - 4 potions of agility
 k - 13 potions of curing
 n - 3 potions of ambrosia
 p - 2 potions of haste
 r - 2 potions of heal wounds
 s - a potion of degeneration {unknown}
 w - 2 potions of invisibility
 C - a potion of brilliance {unknown}
 E - a potion of might
 I - a potion of magic
 J - 2 potions of mutation
 V - a potion of cancellation
Miscellaneous
 M - a phial of floods
 W - a sack of spiders
Comestibles
 c - 31 rations


   Skills:
 + Level 16.2 Fighting
 * Level 21.3 Axes
 + Level 16.1 Armour
 - Level 3.0 Dodging
 + Level 11.1 Evocations


You had 15 spell levels left.
You didn't know any spells.

Dungeon Overview and Level Annotations

Branches:
Dungeon (15/15)            Temple (0/1) D:6            Lair (6/6) D:11
 Shoals (0/4) Lair:2       Spider (2/4) Lair:2          Orc (2/2) D:12
    Elf (0/3) Orc:2        Vaults (0/5) D:13         Depths (0/5) D:15
  Slime: Lair:5-6

Altars:
Ashenzari
Cheibriados
Fedhas
Nemelex Xobeh
Okawaru
Ru
Sif Muna
Vehumet
Wu Jian
Xom
Zin
Beogh

Shops:
D:4 %   D:12 =:*   Orc:2 =[*

Annotations:
Lair:5 vault a finir, exclusion: oklob plant
Spider:2 Jorgrun


Innate Abilities, Weirdness & Mutations

You reflexively headbutt those who attack you in melee.
You have a pair of horns on your head.
You are weak. (Str -2)


Message History

You headbutt the wolf spider!! You block the wolf spider's attack.
A tarantella comes into view.
You closely miss Jorgrun.
Jorgrun is moderately wounded.
You closely miss the spark wasp. You slice the wolf spider!!
Lightning courses through the wolf spider!
You kill the wolf spider!
Trog accepts your kill.
You slice the entropy weaver!! You hit the demonic crawler.
You feel sick. The spark wasp stings you!
* * * LOW HITPOINT WARNING * * *
The spark wasp shocks you!
* * * LOW HITPOINT WARNING * * *
The demonic crawler hits you but does no damage.
The demonic crawler hits you.
* * * LOW HITPOINT WARNING * * *
The demonic crawler closely misses you.
The entropy weaver hits you but does no damage.
The entropy weaver hits you!
You die...

#.....................
###....(....#^.>......
...###.......##########
#.......######.....
...........#^......
..#..#.....#...##
#..#.#........# #
###.#...####..
###y@g......
#.s†as.....#
#sss#.#.....
...s.#####..[ ........
### ##..#... .s..#...
....#....


You could see Jorgrun, an entropy weaver, a spark wasp, a demonic crawler, a
wolf spider, an orb spider, a tarantella and 3 redbacks.

Vanquished Creatures
  Rupert (Orc:2)
  Kirke (Lair:5)
  2 orc warlords (Orc:1)
  The ghost of Charly the Severer, an adept GrFi of Okawaru (D:15)
  An emperor scorpion (Spider:2)
  A ghost moth (Spider:1)
  5 entropy weavers
  An ettin (Orc:2)
  The ghost of Brandom the Reanimator, a journeyman DDNe of Cheibriados (D:13)
  2 vault guards (D:13)
  8 hydras
  A rakshasa (D:14)
  2 ice dragons (D:15)
  An ogre mage (D:8)
  3 ghost crabs (Lair:5)
  2 catoblepae
  A tengu warrior (D:13)
  2 centaur warriors
  10 two-headed ogres
  14 death yaks
  3 orc high priests (Orc:2)
  Sonja (Lair:2)
  Nergalle (Orc:1)
  5 skeletal warriors (D:14)
  5 fire crabs (Lair:5)
  2 unseen horrors (D:15)
  2 wolf spider zombies
  3 deep elf magi
  A necromancer (D:13)
  2 wizards (D:13)
  7 orc knights
  Pikel (D:5)
  A manticore (D:15)
  3 orc sorcerers
  8 wolf spiders
  2 cyclopes (D:15)
  9 elephants
  8 black mambas
  An apocalypse crab (Lair:5)
  7 spiny frogs
  2 rime drakes
  4 komodo dragons
  6 demonic crawlers
  A merfolk (Lair:2)
  A polar bear (shapeshifter) (D:15)
  A tengu conjurer (D:15)
  11 jumping spiders
  A queen bee (shapeshifter) (D:13)
  7 trolls
  3 meliai (D:12)
  Grinder (D:5)
  2 hornets (D:10)
  A hornet (shapeshifter) (D:15)
  5 blink frogs (Lair:6)
  A polar bear (Lair:2)
  7 hippogriffs
  2 dream sheep (D:9)
  A shadow (D:14)
  25 redbacks
  4 tarantellas
  A wyvern (Lair:5)
  A water elemental (D:11)
  2 hogs (Lair:5)
  18 humans (D:13)
  Eustachio (D:5)
  6 basilisks
  34 yaks
  7 vampire mosquitoes
  A steam dragon (D:13)
  A hungry ghost (D:7)
  Edmund (D:5)
  3 wargs
  An acid dragon (D:13)
  A soldier ant (D:14)
  11 porcupines
  8 water moccasins
  30 orc warriors
  4 phantoms
  5 sky beasts
  5 black bears
  9 wolves
  An eye of draining (D:7)
  A necrophage (D:5)
  11 centaurs
  14 ogres
  14 crocodiles
  3 big kobolds (D:9)
  A wyvern zombie (D:12)
  11 bullfrogs
  A wyvern skeleton (D:9)
  9 scorpions
  4 jellies
  27 killer bees
  10 wights
  2 electric eels (D:11)
  A howler monkey (shapeshifter) (D:14)
  3 howler monkeys
  2 crimson imps
  4 centaur zombies
  A bullfrog zombie (D:13)
  3 human zombies (Ossuary)
  2 bullfrog skeletons
  7 hounds
  19 orc priests
  3 iguanas
  25 orc wizards
  Jessica (D:2)
  Terence (D:3)
  5 centaur skeletons
  6 hell rats (Lair:5)
  13 worker ants
  A hound zombie (D:8)
  A hound skeleton (D:7)
  4 mummies
  A worker ant zombie (D:10)
  A gnoll (D:2)
  7 scorpion zombies (Ossuary)
  18 adders
  6 shadow imps
  2 adder zombies
  2 adder skeletons (D:5)
  6 worms
  A dart slug (D:1)
  2 leopard geckos
  88 orcs
  A ball python (D:4)
  2 bats
  4 giant cockroaches
  5 goblins
  9 hobgoblins
  13 jackals
  5 quokkas
  4 frilled lizards
  A goblin zombie (Ossuary)
  3 hobgoblin zombies (Ossuary)
  A jackal zombie (D:5)
  9 kobolds
  4 kobold zombies
  A leopard gecko skeleton (D:4)
  4 orc zombies
  A quokka skeleton (D:4)
  5 rats
  5 fungi
  4 plants
794 creatures vanquished.

Vanquished Creatures (collateral kills)
  Nessos (Lair:4)
  A dire elephant (Lair:6)
  Snorg (D:12)
  A vault guard (D:13)
  3 hydras (Lair:4)
  A centaur warrior (D:10)
  A deep troll shaman (Lair:6)
  3 death yaks (Lair:4)
  A tengu warrior (D:15)
  A wolf spider zombie (D:15)
  6 orb spiders
  An elephant (Lair:4)
  A spiny frog (Lair:4)
  A demonic crawler (Spider:1)
  A jumping spider (Spider:1)
  A queen bee (D:12)
  A hippogriff (Lair:4)
  7 redbacks (Spider:1)
  A yak (Lair:4)
  An acid dragon (D:11)
  An orc warrior (D:10)
  An eye of draining (D:15)
  A centaur (D:10)
  A bullfrog (Lair:2)
  3 killer bees (D:12)
  A howler monkey (D:11)
  An orc priest (D:10)
  An orc wizard (D:12)
  2 iguanas (D:10)
  3 orcs
  A jackal (D:11)
51 creatures vanquished.

Vanquished Creatures (others)
  An entropy weaver (Lair:5)
  A wizard (D:13)
  A yak (D:9)
  A human (Lair:5)
  An orc warrior (D:9)
  2 slaves (D:5)
  A crimson imp (D:9)
  An orc priest (D:9)
  2 orc wizards
  A worker ant (D:9)
  An adder (D:9)
  A leopard gecko (D:5)
  An orc (D:5)
  8 fungi
  A plant (Lair:6)
24 creatures vanquished.

Grand Total: 869 creatures vanquished

Notes
Turn   | Place    | Note
-------+----------+-------------------------------------------
     0 | D:1      | mortelune the Minotaur Berserker began the quest for the Orb.
     0 | D:1      | Reached XP level 1. HP: 19/19 MP: 0/0
    96 | D:1      | Reached skill level 4 in Axes
   128 | D:1      | Reached XP level 2. HP: 27/27 MP: 1/1
  1013 | D:2      | Reached XP level 3. HP: 33/33 MP: 2/2
  1112 | D:2      | Reached ** piety under Trog
  1560 | D:2      | Found a snail-covered altar of Cheibriados.
  1864 | D:2      | Noticed Jessica
  1867 | D:2      | Killed Jessica
  1867 | D:2      | Reached skill level 5 in Axes
  1867 | D:2      | Reached XP level 4. HP: 40/41 MP: 3/3
  2310 | D:2      | Found a shattered altar of Ashenzari.
  2680 | D:3      | Found Zin's Purification Station.
  2685 | D:3      | Found a glowing silver altar of Zin.
  2706 | D:3      | Bought a potion of curing for 90 gold pieces
  2746 | D:3      | Reached *** piety under Trog
  2828 | D:3      | Reached XP level 5. HP: 26/47 MP: 4/4
  3575 | D:3      | Noticed Terence
  3586 | D:3      | Killed Terence
  3782 | D:4      | Got a smoking scale mail
  3793 | D:4      | Identified the +2 scale mail "Wotele Oryd" {Stlth+} (You found it on level 4 of the Dungeon)
  3799 | D:4      | Reached skill level 6 in Axes
  3938 | D:4      | Found an ornate altar of the Wu Jian Council.
  3946 | D:4      | Found Rups's Food Boutique.
  3949 | D:4      | Noticed an ogre
  3953 | D:4      | Reached skill level 5 in Fighting
  3956 | D:4      | Killed an ogre
  3956 | D:4      | Reached XP level 6. HP: 56/56 MP: 5/5
  4381 | D:5      | Entered Level 5 of the Dungeon
  4397 | D:5      | Noticed Eustachio
  4413 | D:5      | Killed Eustachio
  4413 | D:5      | Reached skill level 7 in Axes
  4554 | D:5      | Reached skill level 5 in Armour
  4554 | D:5      | Reached XP level 7. HP: 25/62 MP: 6/6
  4861 | D:5      | Reached skill level 8 in Axes
  4871 | D:5      | Noticed Pikel
  4879 | D:5      | Killed Pikel
  4879 | D:5      | Reached skill level 9 in Axes
  4879 | D:5      | Reached XP level 8. HP: 65/71 MP: 7/7
  4974 | D:5      | Noticed Grinder
  4989 | D:5      | Killed Grinder
  5265 | D:5      | Reached skill level 10 in Axes
  5325 | D:5      | Noticed Edmund
  5330 | D:5      | Killed Edmund
  5472 | D:6      | Reached **** piety under Trog
  5733 | D:6      | Found a sparkling altar of Nemelex Xobeh.
  5893 | D:6      | Found a staircase to the Ecumenical Temple.
  6178 | D:6      | Noticed a troll
  6191 | D:6      | Killed a troll
  6191 | D:6      | Reached XP level 9. HP: 54/80 MP: 8/8
  6222 | D:6      | Got an ebony whip
  6232 | D:6      | Identified the cursed +3 whip of Beogh's Hope {elec, rF++ Str+3 Int+2} (You found it on level 6 of the Dungeon)
  6609 | D:6      | Reached skill level 11 in Axes
  6837 | D:7      | Found a sand-covered staircase.
  6843 | Ossuary  | Entered an ossuary
  7484 | D:7      | Reached skill level 12 in Axes
  7669 | D:7      | Reached ***** piety under Trog
  7929 | D:7      | Reached XP level 10. HP: 90/90 MP: 9/9
  8066 | D:8      | Found a sacrificial altar of Ru.
  8075 | D:8      | Got a faintly humming ring mail
  8086 | D:8      | Identified the +1 ring mail of Submission {+Inv Stlth+} (You found it on level 8 of the Dungeon)
  8285 | D:8      | Reached skill level 1 in Evocations
  8944 | D:8      | Noticed a two-headed ogre
  8952 | D:8      | Killed a two-headed ogre
  8952 | D:8      | Reached skill level 13 in Axes
  8982 | D:8      | Noticed an ogre mage
  8992 | D:8      | Killed an ogre mage
  8992 | D:8      | Reached skill level 10 in Fighting
  9137 | D:9      | Found a shimmering altar of Xom.
  9204 | D:9      | Reached skill level 10 in Armour
  9318 | D:9      | Noticed a two-headed hydra
  9321 | D:9      | Killed a one-headed hydra
  9321 | D:9      | Reached XP level 11. HP: 100/100 MP: 12/12
  9429 | D:9      | Found a radiant altar of Vehumet.
  9569 | D:9      | Found an iron altar of Okawaru.
  9580 | D:9      | Found a deep blue altar of Sif Muna.
 10024 | D:10     | Entered Level 10 of the Dungeon
 10024 | D:10     | Noticed a centaur warrior
 10078 | D:10     | Paralysed by a hornet for 3 turns
 10091 | D:10     | Reached skill level 14 in Axes
 10194 | D:10     | Killed a centaur warrior
 11137 | D:11     | Noticed a two-headed ogre
 11149 | D:11     | Killed a two-headed ogre
 11159 | D:11     | HP: 5/101 [water elemental (5)]
 11895 | D:11     | Found a staircase to the Lair.
 12377 | D:12     | Noticed Snorg
 12386 | D:12     | Killed Snorg
 12386 | D:12     | Reached skill level 15 in Axes
 12495 | D:12     | Reached skill level 5 in Evocations
 13166 | D:12     | Found Lumn's Book Boutique.
 13259 | D:12     | Reached XP level 12. HP: 92/111 MP: 14/14
 13361 | D:12     | Found Veninke's General Store.
 13361 | D:12     | Found a staircase to the Orcish Mines.
 13377 | D:12     | Bought a scroll of magic mapping for 45 gold pieces
 13469 | D:12     | Noticed a two-headed ogre
 13478 | D:12     | Killed a two-headed ogre
 13675 | D:12     | Found Qoutaosi's Jewellery Shop.
 13680 | D:12     | Bought the ring "Mestroxuon" {Fire Str+5 Dex+4} for 509 gold pieces
 13741 | Lair:1   | Entered Level 1 of the Lair of Beasts
 14866 | Lair:2   | Found a hole to the Spider Nest.
 14934 | Lair:2   | Noticed Sonja
 14968 | Lair:2   | Reached skill level 16 in Axes
 14982 | Lair:2   | Killed Sonja
 15278 | Lair:2   | Found a staircase to the Shoals.
 16182 | Lair:3   | Noticed an eight-headed hydra
 16189 | Lair:3   | Killed a six-headed hydra
 16689 | Lair:4   | Noticed a death yak
 16689 | Lair:4   | Noticed an eight-headed hydra
 16698 | Lair:4   | Killed a death yak
 16699 | Lair:4   | Killed a four-headed hydra
 16950 | Lair:4   | Noticed a death yak
 16950 | Lair:4   | Noticed a death yak
 16952 | Lair:4   | Noticed a death yak
 16956 | Lair:4   | Killed a death yak
 16956 | Lair:4   | Reached XP level 13. HP: 119/119 MP: 17/17
 16965 | Lair:4   | Reached skill level 17 in Axes
 17068 | Lair:4   | Noticed Nessos
 17075 | Lair:4   | Killed Nessos
 18782 | Lair:5   | Found a runed door.
 19490 | Lair:5   | Reached skill level 18 in Axes
 19587 | Lair:5   | Noticed an entropy weaver
 19602 | Lair:5   | Killed an entropy weaver
 19862 | Lair:5   | Noticed an entropy weaver
 19878 | Lair:5   | Killed an entropy weaver
 20295 | Lair:6   | Entered Level 6 of the Lair of Beasts
 20507 | Lair:6   | Reached XP level 14. HP: 130/130 MP: 19/19
 21943 | Lair:6   | Reached skill level 19 in Axes
 22894 | D:13     | Noticed Brandom's ghost (journeyman DDNe)
 22910 | D:13     | Killed Brandom's ghost
 23037 | D:13     | Found a gate to the Vaults.
 23490 | Orc:1    | Entered Level 1 of the Orcish Mines
 23946 | Orc:1    | Noticed Nergalle
 23954 | Orc:1    | Killed Nergalle
 24202 | Orc:2    | Entered Level 2 of the Orcish Mines
 24202 | Orc:2    | Found Caskot's Antique Armour Shop.
 24202 | Orc:2    | Found Wesiarea's Antique Weapon Emporium.
 24233 | Orc:2    | Noticed Rupert
 24233 | Orc:2    | Noticed an orc warlord
 24491 | Orc:1    | Reached XP level 15. HP: 115/139 MP: 21/21
 24834 | Orc:1    | Received a gift from Trog
 25407 | Orc:2    | Noticed an orc warlord
 25684 | Orc:1    | Killed an orc warlord
 26023 | Orc:2    | Killed Rupert
 26412 | Orc:2    | Reached skill level 15 in Fighting
 26723 | Orc:2    | Found Meceawn's Jewellery Emporium.
 27035 | Orc:2    | Gained mutation: You are weak. (Str -2) [a neqoxec]
 27251 | Orc:1    | Killed an orc warlord
 27577 | Orc:2    | Reached skill level 20 in Axes
 27577 | Orc:2    | Reached skill level 15 in Armour
 28004 | Orc:1    | Reached skill level 10 in Evocations
 28109 | Orc:2    | Found a staircase to the Elven Halls.
 28235 | Orc:2    | Found Judiasush's General Store.
 28303 | Orc:2    | Found a roughly hewn altar of Beogh.
 30219 | D:15     | Entered Level 15 of the Dungeon
 30219 | D:15     | Noticed Charly's ghost (adept GrFi)
 30228 | D:15     | Killed Charly's ghost
 30975 | D:15     | Found a blossoming altar of Fedhas.
 31305 | D:15     | Paralysed by a hornet for 2 turns
 32055 | D:15     | Found a staircase to the Depths.
 32356 | Spider:1 | Entered Level 1 of the Spider Nest
 32363 | Spider:1 | Received a gift from Trog
 32379 | Spider:1 | Killed a ghost moth
 32379 | Spider:1 | Reached XP level 16. HP: 142/150 MP: 0/22
 33249 | Lair:5   | Noticed Kirke
 33272 | Lair:5   | Killed Kirke
 33272 | Lair:5   | Reached skill level 21 in Axes
 33687 | Lair:5   | Identified the Guide on Mutagenic Confrontation
 34684 | Spider:2 | Received a gift from Trog
 35356 | Spider:2 | Noticed Jorgrun
 35370 | Spider:2 | HP: 9/226 [spark wasp (16)]
 35370 | Spider:2 | Slain by an entropy weaver

Vault maps used:
D:1:      dpeg_arrival_fog, st_stairs_14, minmay_misc_feat_alley,
          minmay_tromino_i4
D:2:      cheibriados_altar_1, overflow_temple_1_default, cheibrodos_gnoll_hut,
          uniq_jessica
D:3:      zin_purify, uniq_terence
D:4:      old_standard_altar, serial_shops, shop
D:5:      cheibrodos_quashed, first_ration, uniq_grinder, uniq_pikel,
          uniq_edmund, uniq_eustachio
D:6:      nemelex_altar_shiori, minmay_temple_entry_glassed_door
D:7:      nicolae_ossuary_entry_giza
D:8:      lemuel_round_altar, minmay_three_doors
D:9:      vehumet_altar_wand_db, okawaru_gym_becter, xom_confusion_cloud,
          nicolae_overflow_hidden_temple, overflow_temple_1_default,
          hangedman_ranch
D:11:     lair_entry_dummy
D:12:     orc_0_dummy, serial_shops, shop, kennysheep_mini_moat, shop,
          uniq_snorg
D:13:     grunt_vaults_entry_tiered
D:14:     minmay_misc_feat_x
D:15:     grunt_enter_depths_hoard, fedhas_altar_2
Lair:1:   patterned_corridor, grunt_megastairs_1
Lair:2:   elwin_shoals_entry_rooms, nicolae_spider_entry_non_spiders,
          special_room, beast_lair_carwin_2, uniq_sonja
Lair:3:   st_stairs_9, infiniplex_staircase_pool
Lair:4:   beast_lair_carwin_4, uniq_nessos
Lair:5:   gammafunk_mikee_crab_dinner, minmay_slime_entry_oklob_enclosed,
          zaba_anthole, beast_lair_carwin_1, uniq_kirke
Lair:6:   grunt_lair_end_beastmaster, grunt_megastairs_4, lemuel_fruit_tree
Spider:1: hangedman_spider_mandibles
Spider:2: spider_trap, guppyfry_spider_mini_1, nicolae_spider_cling_ruins,
          uniq_jorgrun
Orc:1:    uniq_nergalle
Orc:2:    grunt_orc_gardens, grunt_orc_garden, grunt_orc_garden,
          grunt_orc_garden, grunt_orc_garden, basic_altar, mines2_lemuel,
          uniq_rupert
Ossuary:  ossuary_minmay_scorpions

Skill      XL: |  1  2  3  4  5  6  7  8  9 10 11 12 13 14 15 16 |
---------------+-------------------------------------------------+-----
Axes           | 4 5 6 7 9 10 12 13 15 16 18 19 20 21 | 21.3
Fighting       | 4 5 6 7 9 10 11 12 13 14 15 16 | 16.2
Armour         | 3 4 5 6 7 8 10 11 12 13 14 15 16 | 16.1
Evocations     | 3 5 6 8 9 10 11 | 11.1
Dodging        | 3 |  3.0

Action                   |  1- 3 |  4- 6 |  7- 9 | 10-12 | 13-15 | 16-18 || total
-------------------------+-------+-------+-------+-------+-------+-------++-------
Melee: Hand axe          |    73 |   125 |   292 |   270 |   152 |       ||   912
       Headbutt          |    10 |    18 |    71 |   127 |   238 |    32 ||   496
       Battleaxe         |       |       |       |   235 |   347 |    25 ||   607
       Whip              |       |       |       |       |    17 |       ||    17
       Executioner's axe |       |       |       |       |   258 |   104 ||   362
Invok: Berserk           |     5 |     4 |     3 |    17 |    29 |     1 ||    59
       Trog's Hand       |       |     1 |     3 |     4 |     7 |     1 ||    16
       Brothers in Arms  |       |       |       |    10 |     8 |     3 ||    21
       Burn Spellbooks   |       |       |       |     1 |       |     1 ||     2
Evoke: Wand              |       |       |       |     1 |     1 |     2 ||     4
  Use: Scroll            |       |     9 |     5 |     6 |     9 |     1 ||    30
       Potion            |       |       |       |     2 |    11 |       ||    13
 Stab: Sleeping          |     1 |       |       |       |       |       ||     1
       Petrified         |       |       |       |       |     4 |       ||     4
       Petrifying        |       |       |       |       |     2 |       ||     2
       Distracted        |       |       |       |       |     1 |       ||     1
  Eat: Chunk             |     6 |    11 |     9 |    35 |    44 |     5 ||   110
       Ration            |       |     1 |     2 |     4 |    11 |     2 ||    20
Armor: Animal skin       |    12 |     3 |       |       |       |       ||    15
       Ring mail         |       |    19 |       |       |       |       ||    19
       Scale mail        |       |    14 |     1 |       |       |       ||    15
       Chain mail        |       |       |   134 |    11 |       |       ||   145
       Plate armour      |       |       |       |   278 |   405 |   162 ||   845
Dodge: Dodged            |    42 |    59 |   105 |   256 |   375 |    61 ||   898
Block: Other             |       |       |       |     6 |   188 |    42 ||   236
       Reflection        |       |       |       |       |    11 |       ||    11

Table legend:
 A = Spawn XP
 B = Non-spawn XP
 C = Spawn XP percentage of total XP
 D = Spawn monster count
 E = Non-spawn monster count
 F = Spawn count percentage of total count
 G = Total turns spent on level
                    A         B        C        D         E        F      G
               +---------+---------+-------+---------+---------+-------+---------
         Total |       0 |  182402 |   0.0 |       0 |     841 |   0.0 | 35370
               +---------+---------+-------+---------+---------+-------+---------
           D:1 |       0 |      26 |   0.0 |       0 |      14 |   0.0 |   976
           D:2 |       0 |     123 |   0.0 |       0 |      25 |   0.0 |  1472
           D:3 |       0 |     128 |   0.0 |       0 |      28 |   0.0 |  1328
           D:4 |       0 |     207 |   0.0 |       0 |      10 |   0.0 |   605
           D:5 |       0 |    1857 |   0.0 |       0 |      29 |   0.0 |  1005
           D:6 |       0 |     708 |   0.0 |       0 |      19 |   0.0 |  1322
           D:7 |       0 |    1657 |   0.0 |       0 |      40 |   0.0 |   765
           D:8 |       0 |    3191 |   0.0 |       0 |      31 |   0.0 |  1134
           D:9 |       0 |    2818 |   0.0 |       0 |      21 |   0.0 |  1226
          D:10 |       0 |    2507 |   0.0 |       0 |      26 |   0.0 |   757
          D:11 |       0 |    3827 |   0.0 |       0 |      27 |   0.0 |  1485
          D:12 |       0 |    5710 |   0.0 |       0 |      47 |   0.0 |  1498
          D:13 |       0 |   13926 |   0.0 |       0 |      43 |   0.0 |  1325
          D:14 |       0 |   11775 |   0.0 |       0 |      35 |   0.0 |  1879
          D:15 |       0 |   15144 |   0.0 |       0 |      29 |   0.0 |  1344
        Lair:1 |       0 |    2186 |   0.0 |       0 |       8 |   0.0 |  1057
        Lair:2 |       0 |    4836 |   0.0 |       0 |      26 |   0.0 |  1308
        Lair:3 |       0 |    4147 |   0.0 |       0 |      17 |   0.0 |  1168
        Lair:4 |       0 |   15183 |   0.0 |       0 |      38 |   0.0 |  1556
        Lair:5 |       0 |   23853 |   0.0 |       0 |      50 |   0.0 |  3109
        Lair:6 |       0 |   19189 |   0.0 |       0 |      50 |   0.0 |  1675
      Spider:1 |       0 |   15794 |   0.0 |       0 |      45 |   0.0 |  1025
      Spider:2 |       0 |    8093 |   0.0 |       0 |      24 |   0.0 |   694
         Orc:1 |       0 |   14289 |   0.0 |       0 |      80 |   0.0 |  4085
         Orc:2 |       0 |   10393 |   0.0 |       0 |      47 |   0.0 |  1068
       Ossuary |       0 |     835 |   0.0 |       0 |      32 |   0.0 |   504
               +---------+---------+-------+---------+---------+-------+---------
